[Event "GambitGuide"]
[Site "Internet Chess Club"]
[Date "2014.10.31"]
[Round "1"]
[White "JSBach"]
[Black "RamRock"]
[Result "1-0"]
[ICCResult "Black resigns"]
[WhiteElo "1673"]
[BlackElo "1685"]
[Opening "Vienna: `Frankenstein-Dracula' variation"]
[ECO "C27"]
[NIC "VG.02"]
[Time "00:50:30"]
[TimeControl "120+12"]

1. e4 e5 2. Nc3 Nf6 3. Bc4 Nxe4 4. Qh5 Nd6 5. Bb3 Nc6 6. Nb5 g6 7. Qf3 f5 8.
Qd5 Qe7 9. Nxc7+ Kd8 10. Nxa8 b6 11. Ba4 Qg5 12. d3 Qg4 13. Bxc6 Ne4 14.
dxe4 fxe4 15. Qxe5 Qxg2 16. Qf6+ {Black resigns} 1-0

[Event "GambitGuide"]
[Site "Internet Chess Club"]
[Date "2014.10.31"]
[Round "1"]
[White "JSBach"]
[Black "RamRock"]
[Result "1-0"]
[ICCResult "Black resigns"]
[WhiteElo "1673"]
[BlackElo "1685"]
[Opening "Vienna: `Frankenstein-Dracula' variation"]
[ECO "C27"]
[NIC "VG.02"]
[Time "00:50:51"]
[TimeControl "120+12"]

1. e4 e5 2. Nc3 Nf6 3. Bc4 Nxe4 4. Qh5 Nd6 5. Bb3 Nc6 6. Nb5 g6 7. Qf3 f5 8.
Qd5 Qe7 9. Nxc7+ Kd8 10. Nxa8 b6 11. Ba4 Nb4 12. Qb3 Bb7 13. Qxb4 Qh4 14.
Qxh4+ {Black resigns} 1-0

[Event "GambitGuide"]
[Site "Internet Chess Club"]
[Date "2014.10.31"]
[Round "1"]
[White "JSBach"]
[Black "losscause"]
[Result "1-0"]
[ICCResult "Black resigns"]
[WhiteElo "1673"]
[BlackElo "1290"]
[Opening "Vienna: `Frankenstein-Dracula' variation"]
[ECO "C27"]
[NIC "VG.02"]
[Time "00:51:01"]
[TimeControl "120+12"]

1. e4 e5 2. Nc3 Nf6 3. Bc4 Nxe4 4. Qh5 Nd6 5. Bb3 Nc6 6. Nb5 g6 7. Qf3 f5 8.
Qd5 Qe7 9. Nxc7+ Kd8 10. Nxa8 b6 11. Ba4 Bb7 12. Nxb6 axb6 13. Qb3 Nc8 14.
Ne2 Nd4 15. Nxd4 exd4+ 16. Kf1 Qe4 17. f3 Qe5 18. Qb5 Bc6 19. Qxe5
{Black resigns}
1-0

[Event "GambitGuide"]
[Site "Internet Chess Club"]
[Date "2014.10.31"]
[Round "1"]
[White "JSBach"]
[Black "nzfencepost"]
[Result "1-0"]
[ICCResult "Black resigns"]
[WhiteElo "1673"]
[BlackElo "1420"]
[Opening "Vienna: `Frankenstein-Dracula' variation"]
[ECO "C27"]
[NIC "VG.02"]
[Time "00:51:59"]
[TimeControl "120+12"]

1. e4 e5 2. Nc3 Nf6 3. Bc4 Nxe4 4. Qh5 Nd6 5. Bb3 Nc6 6. Nb5 g6 7. Qf3 f5 8.
Qd5 Qe7 9. Nxc7+ Kd8 10. Nxa8 b6 11. Ba4 Bb7 12. Nxb6 axb6 13. Qb3 Kc7 14.
Ne2 Bg7 15. Nc3 Nd4 16. Nd5+ Bxd5 17. Qxd5 Qe6 18. Qxe6 dxe6 19. c3 Nc6 20.
d3 Rd8 21. Bg5 Ne7 22. Bxe7 {Black resigns} 1-0

[Event "GambitGuide"]
[Site "Internet Chess Club"]
[Date "2014.10.31"]
[Round "1"]
[White "JSBach"]
[Black "losscause"]
[Result "1-0"]
[ICCResult "Black resigns"]
[WhiteElo "1673"]
[BlackElo "1290"]
[Opening "Vienna: `Frankenstein-Dracula' variation"]
[ECO "C27"]
[NIC "VG.02"]
[Time "00:52:12"]
[TimeControl "120+12"]

1. e4 e5 2. Nc3 Nf6 3. Bc4 Nxe4 4. Qh5 Nd6 5. Bb3 Nc6 6. Nb5 g6 7. Qf3 f5 8.
Qd5 Qe7 9. Nxc7+ Kd8 10. Nxa8 b6 11. Ba4 Nd4 12. f4 Bg7 13. fxe5 Bxe5 14. g4
Bb7 15. Bc6 Bxc6 16. Qxc6 dxc6 17. Kd1 fxg4 18. c3 Nf3 19. d4 Bf6 20. Nxf3
gxf3 21. Re1 Qb7 22. Bf4 Nf5 23. Nc7 f2 24. Rf1 Ne3+ 25. Bxe3 Qxc7 26. Rxf2
Rf8 27. Bf4 Qd7 28. Be5 Qg4+ 29. Kc2 Qe4+ 30. Kb3 Ke8 31. Bxf6 Qd5+ 32. c4
Qd6 33. Re1+ {Black resigns} 1-0

[Event "GambitGuide"]
[Site "Internet Chess Club"]
[Date "2014.10.31"]
[Round "1"]
[White "JSBach"]
[Black "RamRock"]
[Result "1-0"]
[ICCResult "Black resigns"]
[WhiteElo "1673"]
[BlackElo "1685"]
[Opening "Vienna: `Frankenstein-Dracula' variation"]
[ECO "C27"]
[NIC "VG.02"]
[Time "00:55:55"]
[TimeControl "120+12"]

1. e4 e5 2. Nc3 Nf6 3. Bc4 Nxe4 4. Qh5 Nd6 5. Bb3 Nc6 6. Nb5 g6 7. Qf3 f5 8.
Qd5 Qe7 9. Nxc7+ Kd8 10. Nxa8 b6 11. Ba4 Bb7 12. Nxb6 axb6 13. Qb3 b5 14.
Nf3 bxa4 15. Qxa4 e4 16. Nd4 f4 17. Nxc6+ Bxc6 18. Qd4 Bg7 19. Qc5 Bh6 20.
Qb6+ Ke8 21. Qb8+ Qd8 22. Qxd6 {Black resigns} 1-0

[Event "GambitGuide"]
[Site "Internet Chess Club"]
[Date "2014.10.31"]
[Round "1"]
[White "JSBach"]
[Black "losscause"]
[Result "1/2-1/2"]
[ICCResult "Game drawn by repetition"]
[WhiteElo "1673"]
[BlackElo "1290"]
[Opening "Vienna: `Frankenstein-Dracula' variation"]
[ECO "C27"]
[NIC "VG.02"]
[Time "00:54:20"]
[TimeControl "120+12"]

1. e4 e5 2. Nc3 Nf6 3. Bc4 Nxe4 4. Qh5 Nd6 5. Bb3 Nc6 6. Nb5 g6 7. Qf3 f5 8.
Qd5 Qe7 9. Nxc7+ Kd8 10. Nxa8 b6 11. Ba4 Bb7 12. Nxb6 axb6 13. Qb3 Nc8 14.
Nf3 Nd4 15. Nxd4 exd4+ 16. Kf1 Bg7 17. Qc4 Re8 18. Kg1 Nd6 19. Qd3 Ne4 20.
Qb5 Bc6 21. Qxb6+ Kc8 22. Bxc6 dxc6 23. Qxc6+ Kd8 24. a4 Nd6 25. Qa8+ Kd7
26. Qa7+ Ke6 27. Qxe7+ Rxe7 28. b4 Nc4 29. b5 Kd5 30. Kf1 Bh6 31. d3 Nd2+
32. Bxd2 Bxd2 33. b6 Kc6 34. a5 Kb7 35. f4 Ka6 36. Kf2 Be3+ 37. Kf1 Bd2 38.
Kf2 Be3+ 39. Kf1 Bd2 40. Kf2 Be3+ 41. Kf1 {Game drawn by repetition} 1/2-1/2

[Event "GambitGuide"]
[Site "Internet Chess Club"]
[Date "2014.10.31"]
[Round "1"]
[White "JSBach"]
[Black "nzfencepost"]
[Result "1-0"]
[ICCResult "Black resigns"]
[WhiteElo "1673"]
[BlackElo "1420"]
[Opening "Vienna: `Frankenstein-Dracula' variation"]
[ECO "C27"]
[NIC "VG.02"]
[Time "00:54:21"]
[TimeControl "120+12"]

1. e4 e5 2. Nc3 Nf6 3. Bc4 Nxe4 4. Qh5 Nd6 5. Bb3 Nc6 6. Nb5 g6 7. Qf3 f5 8.
Qd5 Qe7 9. Nxc7+ Kd8 10. Nxa8 b6 11. Ba4 Bb7 12. Nxb6 axb6 13. Qb3 Kc7 14.
Ne2 Na5 15. Qg3 Ne4 16. Qh3 Qc5 17. O-O h5 18. d3 Ng5 19. Bxg5 Be7 20. d4
Qd6 21. Qc3+ Kb8 22. dxe5 Qe6 23. Nf4 {Black resigns} 1-0

[Event "GambitGuide"]
[Site "Internet Chess Club"]
[Date "2014.10.31"]
[Round "1"]
[White "JSBach"]
[Black "losscause"]
[Result "1-0"]
[ICCResult "Black resigns"]
[WhiteElo "1673"]
[BlackElo "1290"]
[Opening "Vienna: `Frankenstein-Dracula' variation"]
[ECO "C27"]
[NIC "VG.02"]
[Time "00:56:48"]
[TimeControl "120+12"]

1. e4 e5 2. Nc3 Nf6 3. Bc4 Nxe4 4. Qh5 Nd6 5. Bb3 Nc6 6. Nb5 g6 7. Qf3 f5 8.
Qd5 Qe7 9. Nxc7+ Kd8 10. Nxa8 b6 11. Ba4 Bb7 12. Nxb6 axb6 13. Qb3 Nc8 14.
Ne2 Bg7 15. Bb5 Re8 16. Qf3 e4 17. Qe3 Qd6 18. O-O Nd4 19. Nxd4 Bxd4 20. Qh6
Qe7 21. c3 Bg7 22. Qxh7 Qf6 23. Qh3 Rh8 24. Qe3 Qe5 25. Qg3 Qxb5 26. Qxg6
Qe5 27. h3 Ne7 28. Qxb6+ Qc7 29. Qxc7+ Kxc7 30. a4 Nd5 31. b3 Ba6 32. Rd1
Bd3 33. Re1 Bf6 34. a5 Kb7 35. Ba3 Rg8 36. Bd6 Re8 37. f3 Bg5 38. fxe4 Bxd2
39. Rad1 Be3+ 40. Rxe3 Nxe3 41. Rxd3 f4 42. Bxf4 Rxe4 43. Bxe3 {Black
resigns} 1-0

[Event "GambitGuide"]
[Site "Internet Chess Club"]
[Date "2014.10.31"]
[Round "1"]
[White "JSBach"]
[Black "RamRock"]
[Result "1-0"]
[ICCResult "Black resigns"]
[WhiteElo "1673"]
[BlackElo "1685"]
[Opening "Vienna: `Frankenstein-Dracula' variation"]
[ECO "C27"]
[NIC "VG.02"]
[Time "00:56:29"]
[TimeControl "120+12"]

1. e4 e5 2. Nc3 Nf6 3. Bc4 Nxe4 4. Qh5 Nd6 5. Bb3 Nc6 6. Nb5 g6 7. Qf3 f5 8.
Qd5 Qe7 9. Nxc7+ Kd8 10. Nxa8 b6 11. Ba4 Bb7 12. Nxb6 axb6 13. Qb3 b5 14.
Ne2 bxa4 15. Qxa4 Bg7 16. d3 e4 17. d4 Rf8 18. d5 Ne5 19. Bf4 Nec4 20. Bxd6
Nxd6 21. Qb3 f4 22. Ng1 e3 23. Nf3 exf2+ 24. Kxf2 Nf5 25. Qxb7 Qc5+ 26. Ke1
Re8+ 27. Kd2 Qf2+ 28. Kc1 Re2 29. Qb8+ Ke7 30. Qb4+ Kd8 31. Qa5+ Ke8 32. Re1
Kf7 33. Ng5+ Kg8 34. Rxe2 Qxe2 35. Nf3 Ne3 36. Qd2 Qf1+ 37. Ne1 Nxg2 38. Kd1
Bd4 39. Qxg2 Bf2 40. Qxf1 {Black resigns} 1-0

[Event "GambitGuide"]
[Site "Internet Chess Club"]
[Date "2014.10.31"]
[Round "1"]
[White "JSBach"]
[Black "ehkopean"]
[Result "1-0"]
[ICCResult "Black resigns"]
[WhiteElo "1673"]
[BlackElo "1721"]
[Opening "Vienna: `Frankenstein-Dracula' variation"]
[ECO "C27"]
[NIC "VG.02"]
[Time "00:58:04"]
[TimeControl "120+12"]

1. e4 e5 2. Nc3 Nf6 3. Bc4 Nxe4 4. Qh5 Nd6 5. Bb3 Nc6 6. Nb5 g6 7. Qf3 f5 8.
Qd5 Qe7 9. Nxc7+ Kd8 10. Nxa8 b6 11. Ba4 Bb7 12. Nxb6 axb6 13. Qb3 Nc8 14.
Qd3 Qd6 15. Bb5 Qxd3 16. Bxd3 e4 17. Bc4 Ne5 18. Bb3 Bc5 19. Ne2 Ke7 20. O-O
Rd8 21. d4 Bd6 22. Bg5+ Ke8 23. Bxd8 Kxd8 24. dxe5 Bxe5 25. c3 Nd6 26. Nd4
Ke7 27. Rac1 f4 28. Rfe1 g5 29. Bg8 h6 30. h3 h5 31. Re2 g4 32. hxg4 hxg4
33. Rd2 e3 34. Re2 b5 35. fxe3 f3 36. gxf3 gxf3 37. Rf2 Bg3 38. Rd2 Ne4 39.
Rd3 f2+ 40. Kf1 Nf6 41. Nf5+ {Black resigns} 1-0

[Event "GambitGuide"]
[Site "Internet Chess Club"]
[Date "2014.10.31"]
[Round "1"]
[White "JSBach"]
[Black "losscause"]
[Result "1-0"]
[ICCResult "Black resigns"]
[WhiteElo "1673"]
[BlackElo "1290"]
[Opening "Vienna: `Frankenstein-Dracula' variation"]
[ECO "C27"]
[NIC "VG.02"]
[Time "00:59:54"]
[TimeControl "120+12"]

1. e4 e5 2. Nc3 Nf6 3. Bc4 Nxe4 4. Qh5 Nd6 5. Bb3 Nc6 6. Nb5 g6 7. Qf3 f5 8.
Qd5 Qe7 9. Nxc7+ Kd8 10. Nxa8 b6 11. Ba4 Bb7 12. Nxb6 axb6 13. Qb3 Nc8 14.
Ne2 Bg7 15. O-O Re8 16. Re1 Qc5 17. Qf7 Re7 18. Qg8+ Kc7 19. Qxh7 Nd4 20.
Nc3 b5 21. Bb3 b4 22. Ne2 Bxg2 23. Nxd4 Bd5 24. Bxd5 Qxd5 25. Nb3 Nd6 26.
Qh4 Qf7 27. Qxb4 e4 28. Qc5+ Kd8 29. Qxd6 {Black resigns} 1-0

[Event "GambitGuide"]
[Site "Internet Chess Club"]
[Date "2014.10.31"]
[Round "1"]
[White "JSBach"]
[Black "losscause"]
[Result "1-0"]
[ICCResult "Black resigns"]
[WhiteElo "1673"]
[BlackElo "1290"]
[Opening "Vienna: `Frankenstein-Dracula' variation"]
[ECO "C27"]
[NIC "VG.02"]
[Time "01:01:33"]
[TimeControl "120+12"]

1. e4 e5 2. Nc3 Nf6 3. Bc4 Nxe4 4. Qh5 Nd6 5. Bb3 Nc6 6. Nb5 g6 7. Qf3 f5 8.
Qd5 Qe7 9. Nxc7+ Kd8 10. Nxa8 b6 11. Ba4 Bb7 12. Nxb6 axb6 13. Qb3 Nc8 14.
Nf3 e4 15. Ng1 f4 16. Qd5 Bg7 17. c4 Re8 18. Kf1 e3 19. dxe3 Bh6 20. Bd2
fxe3 21. Re1 Nd6 22. Bxe3 Bxe3 23. Rxe3 Qf6 24. Rxe8+ Nxe8 25. Qb5 Kc7 26.
Nf3 Qf4 27. b3 Qc1+ 28. Ne1 Nd6 29. Qd5 Nb4 30. Qe5 Nd3 31. Qe3 Qxe1+ 32.
Qxe1 Nxe1 33. Kxe1 {Black resigns} 1-0

[Event "GambitGuide"]
[Site "Internet Chess Club"]
[Date "2014.10.31"]
[Round "1"]
[White "JSBach"]
[Black "losscause"]
[Result "1-0"]
[ICCResult "Black resigns"]
[WhiteElo "1669"]
[BlackElo "1290"]
[Opening "Vienna: `Frankenstein-Dracula' variation"]
[ECO "C27"]
[NIC "VG.02"]
[Time "01:03:58"]
[TimeControl "120+12"]

1. e4 e5 2. Nc3 Nf6 3. Bc4 Nxe4 4. Qh5 Nd6 5. Bb3 Nc6 6. Nb5 g6 7. Qf3 f5 8.
Qd5 Qe7 9. Nxc7+ Kd8 10. Nxa8 b6 11. Ba4 Bg7 12. Bxc6 dxc6 13. Qb3 Qb7 14.
Qb4 c5 15. Qh4+ Ke8 16. Nxb6 axb6 17. Nf3 e4 18. Ng5 h6 19. Nh3 Kf7 20. Nf4
Bf6 21. Qg3 g5 22. Ne2 f4 23. Qa3 Nc4 24. Qb3 Be6 25. Qb5 Rd8 26. h4 Qd5 27.
hxg5 Bxg5 28. Nc3 Qd4 29. O-O Nd6 30. Qxb6 e3 31. fxe3 {Black resigns} 1-0

[Event "GambitGuide"]
[Site "Internet Chess Club"]
[Date "2014.10.31"]
[Round "1"]
[White "JSBach"]
[Black "Drunxican"]
[Result "1-0"]
[ICCResult "Black resigns"]
[WhiteElo "1669"]
[BlackElo "1518"]
[Opening "Vienna: `Frankenstein-Dracula' variation"]
[ECO "C27"]
[NIC "VG.02"]
[Time "01:03:25"]
[TimeControl "120+12"]

1. e4 e5 2. Nc3 Nf6 3. Bc4 Nxe4 4. Qh5 Nd6 5. Bb3 Nc6 6. Nb5 g6 7. Qf3 f5 8.
Qd5 Qe7 9. Nxc7+ Kd8 10. Nxa8 b6 11. Ba4 Bb7 12. Nxb6 axb6 13. Qb3 Kc7 14.
Ne2 Nd4 15. Nxd4 exd4+ 16. Kf1 Qe4 17. f3 Qd5 18. Kf2 Qc5 19. Qd3 Nc4 20.
Re1 Ne5 21. Qb3 Bg7 22. Kf1 Ba6+ 23. d3 Bb7 24. Bf4 d6 25. Qe6 Bc6 26. Qe7+
{Black resigns}
1-0

[Event "GambitGuide"]
[Site "Internet Chess Club"]
[Date "2014.10.31"]
[Round "1"]
[White "JSBach"]
[Black "losscause"]
[Result "1-0"]
[ICCResult "Black resigns"]
[WhiteElo "1669"]
[BlackElo "1290"]
[Opening "Vienna: `Frankenstein-Dracula' variation"]
[ECO "C27"]
[NIC "VG.02"]
[Time "01:06:09"]
[TimeControl "120+12"]

1. e4 e5 2. Nc3 Nf6 3. Bc4 Nxe4 4. Qh5 Nd6 5. Bb3 Nc6 6. Nb5 g6 7. Qf3 f5 8.
Qd5 Qe7 9. Nxc7+ Kd8 10. Nxa8 b6 11. Ba4 Bb7 12. Nxb6 axb6 13. Qb3 Nc8 14.
Nf3 e4 15. Ng1 Bg7 16. Bb5 Re8 17. Ne2 Bd4 18. Bxc6 {Black resigns} 1-0

[Event "GambitGuide"]
[Site "Internet Chess Club"]
[Date "2014.10.31"]
[Round "1"]
[White "JSBach"]
[Black "losscause"]
[Result "1-0"]
[ICCResult "Black resigns"]
[WhiteElo "1669"]
[BlackElo "1290"]
[Opening "Vienna: `Frankenstein-Dracula' variation"]
[ECO "C27"]
[NIC "VG.02"]
[Time "01:06:45"]
[TimeControl "120+12"]

1. e4 e5 2. Nc3 Nf6 3. Bc4 Nxe4 4. Qh5 Nd6 5. Bb3 Nc6 6. Nb5 g6 7. Qf3 f5 8.
Qd5 Qe7 9. Nxc7+ Kd8 10. Nxa8 b6 11. Ba4 Bb7 12. Nxb6 axb6 13. Qb3 Nc8 14.
Ne2 Bg7 15. O-O Re8 16. Re1 Qc5 17. Qf7 Re7 18. Qg8+ Kc7 19. Qxh7 e4 20.
Qxg6 e3 21. dxe3 f4 22. Bxc6 Bxc6 23. exf4 {Black resigns} 1-0

[Event "GambitGuide"]
[Site "Internet Chess Club"]
[Date "2014.10.31"]
[Round "1"]
[White "JSBach"]
[Black "fearlab"]
[Result "1-0"]
[ICCResult "Black resigns"]
[WhiteElo "1669"]
[BlackElo "1614"]
[Opening "Vienna: `Frankenstein-Dracula' variation"]
[ECO "C27"]
[NIC "VG.02"]
[Time "01:04:51"]
[TimeControl "120+12"]

1. e4 e5 2. Nc3 Nf6 3. Bc4 Nxe4 4. Qh5 Nd6 5. Bb3 Nc6 6. Nb5 g6 7. Qf3 f5 8.
Qd5 Qe7 9. Nxc7+ Kd8 10. Nxa8 b6 11. Ba4 Bb7 12. Nxb6 axb6 13. Qb3 Bg7 14.
Qxb6+ Ke8 15. Qc7 Kf7 16. Bb3+ Kf6 17. Bd5 Rc8 18. Qb6 Nd4 19. Bxb7 Nxc2+
20. Kf1 Rb8 21. Qc7 Rxb7 22. Qxc2 Ne4 23. d3 Nc5 24. Be3 Bf8 25. d4 exd4 26.
Bxd4+ Kf7 27. Re1 Qd6 28. Bxc5 Qxc5 29. Qxc5 Bxc5 30. b3 Ra7 31. a4 Rb7 32.
Rb1 d5 33. a5 Rb5 34. a6 Ra5 35. Rc1 Bd6 36. Rc6 Ke6 37. b4 Rb5 38. a7 Kd7
39. a8=Q {Black resigns} 1-0

[Event "GambitGuide"]
[Site "Internet Chess Club"]
[Date "2014.10.31"]
[Round "1"]
[White "JSBach"]
[Black "ADT"]
[Result "1-0"]
[ICCResult "Black resigns"]
[WhiteElo "1669"]
[BlackElo "1860"]
[Opening "Vienna: `Frankenstein-Dracula' variation"]
[ECO "C27"]
[NIC "VG.02"]
[Time "01:08:28"]
[TimeControl "120+12"]

1. e4 e5 2. Nc3 Nf6 3. Bc4 Nxe4 4. Qh5 Nd6 5. Bb3 Nc6 6. Nb5 g6 7. Qf3 f5 8.
Qd5 Qe7 9. Nxc7+ Kd8 10. Nxa8 b6 11. Ba4 Nb4 12. Qb3 a5 13. Nxb6 Ke8 14. Qc3
Nd5 15. Nxd5 Ba6 16. Nxe7 {Black resigns} 1-0

[Event "GambitGuide"]
[Site "Internet Chess Club"]
[Date "2014.10.31"]
[Round "1"]
[White "JSBach"]
[Black "losscause"]
[Result "1-0"]
[ICCResult "Black resigns"]
[WhiteElo "1669"]
[BlackElo "1290"]
[Opening "Vienna: `Frankenstein-Dracula' variation"]
[ECO "C27"]
[NIC "VG.02"]
[Time "01:07:41"]
[TimeControl "120+12"]

1. e4 e5 2. Nc3 Nf6 3. Bc4 Nxe4 4. Qh5 Nd6 5. Bb3 Nc6 6. Nb5 g6 7. Qf3 f5 8.
Qd5 Qe7 9. Nxc7+ Kd8 10. Nxa8 b6 11. Ba4 Bb7 12. Nxb6 axb6 13. Qb3 Nc8 14.
Qe3 Bg7 15. c3 Re8 16. Ne2 d5 17. Qd3 Kc7 18. O-O e4 19. Qxd5 Rd8 20. Qc4
Rd6 21. Re1 Be5 22. Nd4 Bxd4 23. cxd4 Qd7 24. d3 Kb8 25. Bf4 Na5 26. Bxd7
Nxc4 27. dxc4 {Black resigns} 1-0

[Event "GambitGuide"]
[Site "Internet Chess Club"]
[Date "2014.10.31"]
[Round "1"]
[White "JSBach"]
[Black "fearlab"]
[Result "1-0"]
[ICCResult "Black resigns"]
[WhiteElo "1669"]
[BlackElo "1614"]
[Opening "Vienna: `Frankenstein-Dracula' variation"]
[ECO "C27"]
[NIC "VG.02"]
[Time "01:08:20"]
[TimeControl "120+12"]

1. e4 e5 2. Nc3 Nf6 3. Bc4 Nxe4 4. Qh5 Nd6 5. Bb3 Nc6 6. Nb5 g6 7. Qf3 f5 8.
Qd5 Qe7 9. Nxc7+ Kd8 10. Nxa8 b6 11. Ba4 Nb4 12. Qb3 a5 13. Nxb6 {Black
resigns} 1-0

[Event "GambitGuide"]
[Site "Internet Chess Club"]
[Date "2014.10.31"]
[Round "1"]
[White "JSBach"]
[Black "Hitakey"]
[Result "1-0"]
[ICCResult "Black resigns"]
[WhiteElo "1669"]
[BlackElo "1400"]
[Opening "Vienna: `Frankenstein-Dracula' variation"]
[ECO "C27"]
[NIC "VG.02"]
[Time "01:10:16"]
[TimeControl "120+12"]

1. e4 e5 2. Nc3 Nf6 3. Bc4 Nxe4 4. Qh5 Nd6 5. Bb3 Nc6 6. Nb5 g6 7. Qf3 f5 8.
Qd5 Qe7 9. Nxc7+ Kd8 10. Nxa8 b6 11. Ba4 Bb7 12. Nxb6 axb6 13. Qb3 Kc7 14.
Ne2 e4 15. Qd5 Bg7 16. Qb3 Na5 17. Qg3 Be5 18. Qa3 Ndc4 19. Qxe7 {Black
resigns} 1-0

[Event "GambitGuide"]
[Site "Internet Chess Club"]
[Date "2014.10.31"]
[Round "1"]
[White "JSBach"]
[Black "losscause"]
[Result "1-0"]
[ICCResult "Black resigns"]
[WhiteElo "1669"]
[BlackElo "1290"]
[Opening "Vienna: `Frankenstein-Dracula' variation"]
[ECO "C27"]
[NIC "VG.02"]
[Time "01:09:21"]
[TimeControl "120+12"]

1. e4 e5 2. Nc3 Nf6 3. Bc4 Nxe4 4. Qh5 Nd6 5. Bb3 Nc6 6. Nb5 g6 7. Qf3 f5 8.
Qd5 Qe7 9. Nxc7+ Kd8 10. Nxa8 b6 11. Ba4 Bb7 12. Nxb6 axb6 13. Qb3 Kc7 14.
Ne2 Bg7 15. Nc3 Na5 16. Nd5+ Bxd5 17. Qxd5 e4 18. Bb3 Nc6 19. a3 f4 20. O-O
Re8 21. d3 Qf6 22. dxe4 Nxe4 23. Rd1 d6 24. Ba4 Na5 25. Bxe8 {Black resigns}
1-0

[Event "GambitGuide"]
[Site "Internet Chess Club"]
[Date "2014.10.31"]
[Round "1"]
[White "JSBach"]
[Black "ADT"]
[Result "1-0"]
[ICCResult "Black checkmated"]
[WhiteElo "1669"]
[BlackElo "1860"]
[Opening "Vienna: `Frankenstein-Dracula' variation"]
[ECO "C27"]
[NIC "VG.02"]
[Time "01:08:55"]
[TimeControl "120+12"]

1. e4 e5 2. Nc3 Nf6 3. Bc4 Nxe4 4. Qh5 Nd6 5. Bb3 Nc6 6. Nb5 g6 7. Qf3 f5 8.
Qd5 Qe7 9. Nxc7+ Kd8 10. Nxa8 b6 11. Ba4 Bb7 12. Nxb6 axb6 13. Qb3 b5 14.
Nf3 bxa4 15. Qxa4 Kc7 16. O-O Bg7 17. Re1 Ra8 18. Qb3 e4 19. d3 Qe6 20. Qxe6
dxe6 21. dxe4 Nxe4 22. c4 h6 23. Rd1 Rd8 24. Re1 Ba6 25. Be3 Bxc4 26. Rac1
Ba6 27. b4 Kb7 28. Bf4 g5 29. Be3 g4 30. Nh4 Ne5 31. Rc2 Nc4 32. Bf4 e5 33.
Bc1 Rf8 34. Ng6 Rf6 35. Nh4 h5 36. a4 Ncd6 37. Bb2 Re6 38. b5 Bxb5 39. axb5
Nxb5 40. Nxf5 Bh8 41. Rxe4 Rf6 42. Rxe5 Rc6 43. Rxb5+ Kc7 44. Be5+ Kd7 45.
Rd2+ Kc8 46. Ne7# {Black checkmated} 1-0

[Event "GambitGuide"]
[Site "Internet Chess Club"]
[Date "2014.10.31"]
[Round "1"]
[White "JSBach"]
[Black "Hitakey"]
[Result "1-0"]
[ICCResult "Black resigns"]
[WhiteElo "1669"]
[BlackElo "1400"]
[Opening "Vienna: `Frankenstein-Dracula' variation"]
[ECO "C27"]
[NIC "VG.02"]
[Time "01:10:50"]
[TimeControl "120+12"]

1. e4 e5 2. Nc3 Nf6 3. Bc4 Nxe4 4. Qh5 Nd6 5. Bb3 Nc6 6. Nb5 g6 7. Qf3 f5 8.
Qd5 Qe7 9. Nxc7+ Kd8 10. Nxa8 b6 11. Ba4 Bb7 12. Nxb6 axb6 13. Qb3 Kc7 14.
Ne2 Bg7 15. Rb1 e4 16. Nc3 Nd4 17. Nd5+ Bxd5 18. Qxd5 b5 19. Bb3 f4 20. Qc5+
Kd8 21. Qb6+ Ke8 22. Qb8+ {Black resigns} 1-0

[Event "GambitGuide"]
[Site "Internet Chess Club"]
[Date "2014.10.31"]
[Round "1"]
[White "JSBach"]
[Black "blunt7569"]
[Result "1-0"]
[ICCResult "Black resigns"]
[WhiteElo "1669"]
[BlackElo "1493"]
[Opening "Vienna: `Frankenstein-Dracula' variation"]
[ECO "C27"]
[NIC "VG.02"]
[Time "01:10:16"]
[TimeControl "120+12"]

1. e4 e5 2. Nc3 Nf6 3. Bc4 Nxe4 4. Qh5 Nd6 5. Bb3 Nc6 6. Nb5 g6 7. Qf3 f5 8.
Qd5 Qe7 9. Nxc7+ Kd8 10. Nxa8 b6 11. Ba4 Bb7 12. Nxb6 axb6 13. Qb3 Kc7 14.
Ne2 Bg7 15. O-O g5 16. Re1 Rf8 17. Kf1 h5 18. Qf3 g4 19. Qd3 e4 20. Qe3 Nc4
21. Qb3 d5 22. d3 Nd6 23. Nf4 Qe5 24. Nxd5+ Kb8 25. Bf4 {Black resigns} 1-0

[Event "GambitGuide"]
[Site "Internet Chess Club"]
[Date "2014.10.31"]
[Round "1"]
[White "JSBach"]
[Black "ADT"]
[Result "0-1"]
[ICCResult "White checkmated"]
[WhiteElo "1669"]
[BlackElo "1860"]
[Opening "Vienna: `Frankenstein-Dracula' variation"]
[ECO "C27"]
[NIC "VG.02"]
[Time "01:11:27"]
[TimeControl "120+12"]

1. e4 e5 2. Nc3 Nf6 3. Bc4 Nxe4 4. Qh5 Nd6 5. Bb3 Nc6 6. Nb5 g6 7. Qf3 f5 8.
Qd5 Qe7 9. Nxc7+ Kd8 10. Nxa8 b6 11. Ba4 Bb7 12. Nxb6 axb6 13. Qb3 Kc7 14.
Ne2 Nd4 15. Nxd4 exd4+ 16. Kf1 Bg7 17. Qb4 Re8 18. Qxd6+ Qxd6 19. d3 Qe5 20.
Be3 dxe3 21. Bb3 exf2 22. Be6 Rxe6 23. Kxf2 Qe2+ 24. Kg3 Be5+ 25. Kh4 Qh5#
{White checkmated}
0-1

[Event "GambitGuide"]
[Site "Internet Chess Club"]
[Date "2014.10.31"]
[Round "1"]
[White "JSBach"]
[Black "losscause"]
[Result "0-1"]
[ICCResult "White checkmated"]
[WhiteElo "1669"]
[BlackElo "1290"]
[Opening "Vienna: `Frankenstein-Dracula' variation"]
[ECO "C27"]
[NIC "VG.02"]
[Time "01:11:11"]
[TimeControl "120+12"]

1. e4 e5 2. Nc3 Nf6 3. Bc4 Nxe4 4. Qh5 Nd6 5. Bb3 Nc6 6. Nb5 g6 7. Qf3 f5 8.
Qd5 Qe7 9. Nxc7+ Kd8 10. Nxa8 b6 11. Ba4 Bb7 12. Nxb6 axb6 13. Qb3 Kc7 14.
Ne2 Nd4 15. Nxd4 exd4+ 16. Kf1 g5 17. Qb4 Bg7 18. Rg1 f4 19. Bb3 Re8 20. Be6
Qxe6 21. Qc4+ Qxc4+ 22. d3 Qxc2 23. Be3 dxe3 24. fxe3 Qxd3+ 25. Ke1 Qxe3+
26. Kd1 Qxg1+ 27. Kc2 Qxa1 28. Kd2 Qxb2+ 29. Kd1 Re2 30. g3 Qd2#
{White checkmated}
0-1

[Event "GambitGuide"]
[Site "Internet Chess Club"]
[Date "2014.10.31"]
[Round "1"]
[White "JSBach"]
[Black "losscause"]
[Result "1/2-1/2"]
[ICCResult "Game drawn by repetition"]
[WhiteElo "1669"]
[BlackElo "1290"]
[Opening "Vienna: `Frankenstein-Dracula' variation"]
[ECO "C27"]
[NIC "VG.02"]
[Time "01:12:53"]
[TimeControl "120+12"]

1. e4 e5 2. Nc3 Nf6 3. Bc4 Nxe4 4. Qh5 Nd6 5. Bb3 Nc6 6. Nb5 g6 7. Qf3 f5 8.
Qd5 Qe7 9. Nxc7+ Kd8 10. Nxa8 b6 11. Ba4 Bb7 12. Nxb6 axb6 13. Qb3 Kc7 14.
Ne2 Bg7 15. Nc3 Nd4 16. Nd5+ Bxd5 17. Qxd5 b5 18. Bb3 Re8 19. d3 e4 20. Qc5+
Kb8 21. Bg5 Qf8 22. Qb6+ Kc8 23. Qa6+ Kb8 24. Qb6+ Kc8 25. Qa6+ Kb8 26. Qb6+
Kc8 27. Qa6+ Kb8 28. Qb6+ Kc8 29. Qa6+ {Game drawn by repetition} 1/2-1/2

[Event "GambitGuide"]
[Site "Internet Chess Club"]
[Date "2014.10.31"]
[Round "1"]
[White "JSBach"]
[Black "Smokie"]
[Result "0-1"]
[ICCResult "White checkmated"]
[WhiteElo "1669"]
[BlackElo "1484"]
[Opening "Vienna: `Frankenstein-Dracula' variation"]
[ECO "C27"]
[NIC "VG.02"]
[Time "01:12:32"]
[TimeControl "120+12"]

1. e4 e5 2. Nc3 Nf6 3. Bc4 Nxe4 4. Qh5 Nd6 5. Bb3 Nc6 6. Nb5 g6 7. Qf3 f5 8.
Qd5 Qe7 9. Nxc7+ Kd8 10. Nxa8 b6 11. Ba4 Bb7 12. Nxb6 axb6 13. Qb3 Bg7 14.
Qxb6+ Kc8 15. d3 e4 16. Be3 exd3 17. Rb1 f4 18. cxd3 fxe3 19. Qxe3 Qh4 20.
Bxc6 Bxc6 21. Kf1 Re8 22. Qg3 Qb4 23. Rc1 Qd2 24. Rb1 Bb5 25. Ra1 Bxd3+ 26.
Qxd3 Qxd3+ 27. Ne2 Qxe2+ 28. Kg1 Qe1+ 29. Rxe1 Rxe1# {White checkmated} 0-1